 Dungeon Crawl Stone Soup version 0.25-a0-86-ga6f17ae7d4 (webtiles) character file.

Game seed: 7850696499048454731, levelgen mode: deterministic

58 D1HalberdGnoll the Poker (level 4, -6/34 HPs)
             Began as a Merfolk Skald on Nov 9, 2019.
             Mangled by an orc warrior
             ... wielding a +0 scimitar
              (23 damage)
             ... on level 3 of the Dungeon.
             The game lasted 00:01:31 (1512 turns).

D1HalberdGnoll the Poker (Merfolk Skald)            Turns: 1512, Time: 00:01:32

Health: -6/34      AC:  3    Str: 12    XL:     4   Next: 2%
Magic:  7/7        EV: 13    Int: 12    God:
Gold:   83         SH:  0    Dex: 13    Spells: 6/7 levels left

rFire    . . .     SeeInvis .   k - +0 trident
rCold    . . .     Gourm    .   (no shield)
rNeg     . . .     Faith    .   b - +0 leather armour
rPois    .         Spirit   .   (no helmet)
rElec    .         Reflect  .   (no cloak)
rCorr    .         Harm     .   (no gloves)
MR       .....                  (no boots)
Stlth    +.........             (no amulet)
HPRegen  0.11/turn              (no ring)
MPRegen  0.10/turn              (no ring)

@: no status effects
A: change form in water, swift swim, stealthy swim
a: no special abilities


You were on level 3 of the Dungeon.
You were not hungry.

You visited 1 branch of the dungeon, and saw 3 of its levels.

You collected 83 gold pieces.

Inventory:

Hand Weapons
 k - a +0 trident (weapon)
Missiles
 m - 10 poisoned darts (quivered)
Armour
 b - a +0 leather armour (worn)
 l - a cursed +0 pair of gloves
Jewellery
 j - a +4 ring of strength
 n - an uncursed ring of resist corrosion
Wands
 o - a wand of iceblast (8)
Scrolls
 a - a scroll of blinking {unknown}
 c - a scroll of amnesia {unknown}
 f - a scroll of remove curse {unknown}
 g - a scroll of teleportation {unknown}
 h - a scroll of enchant weapon {unknown}
 i - 2 scrolls of enchant armour {unknown}
 q - a scroll of noise {unknown}
 r - a scroll of identify {unknown}
Potions
 e - 2 potions of curing {unknown}
 p - a potion of lignification {unknown}
Comestibles
 d - 4 rations


   Skills:
 + Level 2.8 Fighting
 * Level 4.4 Polearms
 + Level 1.2 Armour
 + Level 3.4 Dodging
 - Level 2.0 Spellcasting
 - Level 3.2 Charms


You had 6 spell levels left.
You knew the following spells:

 Your Spells              Type           Power        Failure   Level  Hunger
a - Infusion              Chrm           #...         9%          1    ##.....

Your spell library contained the following spells:

 Spells                   Type           Power        Failure   Level  Hunger
 Song of Slaying          Chrm           #.......     14%         2    ###....
 Shroud of Golubria       Chrm/Tloc      #.....       26%         2    ###....
 Regeneration             Chrm/Necr      #.........   47%         3    ####...
 Spectral Weapon          Hex/Chrm       #.......     47%         3    ####...


Dungeon Overview and Level Annotations

Branches:
Dungeon (3/15)

Altars:


Message History

Okay, then.
The orc wizard casts a spell.
The orc wizard blinks!
Evoke which item? (* to show all) (? for menu, Esc to quit)
Aiming: Iceblast
Press: ? - help, Shift-Dir - straight line, f - orc warrior
Aim: an orc warrior, wielding a +0 scimitar and wearing a +0 chain mail The mass of ice explodes!
The iceblast engulfs the orc warrior!
The orc warrior is moderately wounded.
The iceblast engulfs the bat!
You kill the bat!
You have reached level 4!
The iceblast engulfs the giant cockroach!
You kill the giant cockroach!
You hear an angry hiss.
The orc wizard mumbles some strange words.
The orc wizard blinks!
The orc warrior hits you with a +0 scimitar!!
Ouch! That really hurt!
You die...

#########.#
#.........##################
#.#######.##..........#.....
#............########.#.####
######..#..........†....#
#.........#.#.#######...#
#.#####.#.#.#.# #...#
#.#.....#.#.#.# #...#
#.#.#####.#@#.# #...#
#.#.#...#(#o#.. .....
#.#.#...#.#o### ....##.
#.#.#...#.#)# ..... .#
#.#.#...#.#S§ #.#.#...#.#...
#.#.#.....#....
#.#.###.###....# #...# #.#
#....#


You could see an orc warrior, an orc wizard and a ball python.

Vanquished Creatures
  An adder (D:2)
  An ooze (D:2)
  A dart slug (D:3)
  A leopard gecko (D:2)
  An orc (D:3)
  6 bats
  7 giant cockroaches
  3 goblins
  5 hobgoblins
  A quokka (D:2)
  A ball python (D:2)
  3 frilled lizards
  5 kobolds
  2 rats (D:1)
38 creatures vanquished.

Vanquished Creatures (others)
  5 toadstools (D:1)
5 creatures vanquished.

Grand Total: 43 creatures vanquished

Notes
Turn   | Place    | Note
-------+----------+-------------------------------------------
     0 | D:1      | D1HalberdGnoll the Merfolk Skald began the quest for the
                  | Orb.
     0 | D:1      | Reached XP level 1. HP: 16/16 MP: 3/3
   257 | D:1      | Reached XP level 2. HP: 23/23 MP: 5/5
   408 | D:1      | Reached skill level 1 in Armour
   676 | D:2      | Reached skill level 4 in Polearms
   676 | D:2      | Reached XP level 3. HP: 21/28 MP: 4/6
  1508 | D:3      | Noticed an orc warrior
  1511 | D:3      | Reached XP level 4. HP: 16/34 MP: 7/7
  1512 | D:3      | Mangled by an orc warrior

Levels and vault maps discovered:
D:1:      ldierk_walled_garden, layout_rooms, serial_bayou_ford_a
D:2:      layout_loops_corners
D:3:      layout_basic, uniq_robin

Skill      XL: |  1  2 |
---------------+-------+-----
Dodging        | 3 |  3.4
Armour         | 1 |  1.2
Polearms       | 4 |  4.4
Fighting       | |  2.8
Spellcasting   | |  2.0
Charms         | |  3.2

Action                   |  1- 3 |  4- 6 || total
-------------------------+-------+-------++-------
Melee: Spear             |    45 |       ||    45
       Trident           |    52 |       ||    52
 Cast: Infusion          |     1 |       ||     1
Evoke: Wand              |       |     1 ||     1
 Stab: Sleeping          |     3 |       ||     3
  Eat: Chunk             |     2 |       ||     2
Armor: Leather armour    |    18 |       ||    18
Dodge: Dodged            |    44 |       ||    44

Table legend:
 A = Non-vault XP
 B = Vault XP
 C = Vault XP percentage of total XP
 D = Non-vault monster count
 E = Vault monster count
 F = Vault count percentage of total count
                 A         B        C        D         E       F
            +---------+---------+-------+---------+---------+-------
      Total |      84 |       0 |   0.0 |      38 |       0 |   0.0
            +---------+---------+-------+---------+---------+-------
        D:1 |      24 |       0 |   0.0 |      15 |       0 |   0.0
        D:2 |      46 |       0 |   0.0 |      17 |       0 |   0.0
        D:3 |      14 |       0 |   0.0 |       6 |       0 |   0.0
            +---------+---------+-------+---------+---------+-------
